 Dungeon Crawl Stone Soup version 0.25-a0-156-g0c4bda3fdf (webtiles) character file.

Game seed: 6305215630637106713, levelgen mode: deterministic

53 Leeroy the Slasher (level 3, 0/29 HPs)
             Began as a Draconian Skald on Nov 20, 2019.
             Succumbed to an adder's poison
             ... on level 2 of the Dungeon.
             The game lasted 00:02:00 (1186 turns).

Leeroy the Slasher (Draconian Skald)                Turns: 1186, Time: 00:02:01

Health: 0/29       AC:  5    Str: 18    XL:     3   Next: 64%
Magic:  6/6        EV: 18    Int: 13    God:
Gold:   66         SH:  0    Dex: 16    Spells: 2/6 levels left

rFire    . . .     SeeInvis .   a - +0 falchion
rCold    . . .     Gourm    .   (no shield)
rNeg     . . .     Faith    .   (armour unavailable)
rPois    .         Spirit   .   (helmet restricted)
rElec    .         Reflect  .   (no cloak)
rCorr    .         Harm     .   (no gloves)
MR       .....                  (no boots)
Stlth    ++........             (no amulet)
HPRegen  0.09/turn              (no ring)
MPRegen  0.10/turn              (no ring)

@: mighty, agile, lethally poisoned (0 -> -10)
A: unfitting armour, cold-blooded, AC +5
a: no special abilities


You were on level 2 of the Dungeon.
You were not hungry.

You visited 1 branch of the dungeon, and saw 2 of its levels.

You collected 66 gold pieces.

Inventory:

Hand Weapons
 a - a +0 falchion (weapon)
Missiles
 d - 4 javelins (quivered)
Scrolls
 f - a scroll of random uselessness {unknown}
 h - 2 scrolls of remove curse {unknown}
 j - a scroll of immolation {unknown}
Potions
 b - 2 potions of haste
Comestibles
 c - 4 rations
 i - 2 chunks of flesh


   Skills:
 - Level 2.1 Fighting
 + Level 4.1 Long Blades
 - Level 2.1 Dodging
 - Level 2.0 Spellcasting
 - Level 2.6 Charms


You had 2 spell levels left.
You knew the following spells:

 Your Spells              Type           Power        Failure   Level  Hunger
a - Infusion              Chrm           #...         9%          1    ##.....
b - Spectral Weapon       Hex/Chrm       #.......     41%         3    ####...

Your spell library contained the following spells:

 Spells                   Type           Power        Failure   Level  Hunger
 Song of Slaying          Chrm           #.......     13%         2    ###....
 Shroud of Golubria       Chrm/Tloc      #.....       22%         2    ###....
 Regeneration             Chrm/Necr      #.........   41%         3    ####...


Dungeon Overview and Level Annotations

Branches:
Dungeon (2/15)

Altars:
Dithmenos


Innate Abilities, Weirdness & Mutations

Your plain brown scales are hard. (AC +5)
You cannot fit into any form of body armour.
You are cold-blooded and may be slowed by cold attacks.


Message History

The adder is moderately wounded.
* * * LOW HITPOINT WARNING * * *
You feel sick. The adder bites you.
* * * LOW HITPOINT WARNING * * *
The adder closely misses you.
You riposte.
You hit the adder but do no damage. You tail-slap the adder.
The adder is severely wounded.
It was a potion of might.
You feel very mighty all of a sudden.
* * * LOW HITPOINT WARNING * * *
You feel sick. The adder bites you.
* * * LOW HITPOINT WARNING * * *
Okay, then.
It was a potion of agility.
You feel agile all of a sudden. The adder bites you but does no damage.
You hit the adder.
You kill the adder!
Your Long Blades skill increases to level 4!
You die...

.# ##..# .#. #... ..
#.## .. ##'## .# ##(..#
########.# ##.....
#........# ##......
.##.#.####...####.†.....
.^.....@........+.......
.##.#.#.#....####.....†.
#.#.....## ##†.....
#......## ##.....
######.# ##...# #.#
##'## #.# #.# #.# #.#
#.# ##.##


There were no monsters in sight!

Vanquished Creatures
  An adder (D:2)
  2 worms (D:2)
  2 dart slugs
  A leopard gecko (D:1)
  2 giant cockroaches
  3 goblins
  3 hobgoblins
  3 jackals (D:1)
  2 kobolds
  2 quokkas (D:2)
  5 bats
  5 frilled lizards
  3 rats
34 creatures vanquished.

Notes
Turn   | Place    | Note
-------+----------+-------------------------------------------
     0 | D:1      | Leeroy the Draconian Skald began the quest for the Orb.
     0 | D:1      | Reached XP level 1. HP: 17/17 MP: 3/3
     6 | D:1      | Noticed a swamp drake
     6 | D:1      | Noticed a komodo dragon
     6 | D:1      | Noticed a wolf
     6 | D:1      | Noticed a lindwurm
     6 | D:1      | Noticed a salamander
    97 | D:1      | Reached XP level 2. HP: 11/24 MP: 5/5
   380 | D:1      | Reached skill level 3 in Long Blades
   753 | D:2      | Reached XP level 3. HP: 20/29 MP: 6/6
   765 | D:2      | Learned a level 3 spell: Spectral Weapon
   906 | D:2      | Found a shadowy altar of Dithmenos.
  1184 | D:2      | HP: 1/29 [adder (4)]
  1186 | D:2      | Reached skill level 4 in Long Blades
  1186 | D:2      | Succumbed to an adder's poison

Levels and vault maps discovered:
D:1:      onia_arrival_zoo_common, layout_loops_ring
D:2:      layout_loops_corners, nicolae_dithmenos_through_a_glass_darkly

Skill      XL: |  1  2  3 |
---------------+----------+-----
Long Blades    | 3 4 |  4.1
Fighting       | |  2.1
Dodging        | |  2.1
Spellcasting   | |  2.0
Charms         | |  2.6

Action                   || total
-------------------------++-------
Melee: Falchion          ||    96
       Tailslap          ||    11
Throw: Javelin           ||     1
  Use: Potion            ||     2
  Eat: Chunk             ||     1
Armor: Skin              ||    52
Dodge: Dodged            ||    83
       Rpst.: Falchion   ||    27

Table legend:
 A = Non-vault XP
 B = Vault XP
 C = Vault XP percentage of total XP
 D = Non-vault monster count
 E = Vault monster count
 F = Vault count percentage of total count
                 A         B        C        D         E       F
            +---------+---------+-------+---------+---------+-------
      Total |      77 |       0 |   0.0 |      34 |       0 |   0.0
            +---------+---------+-------+---------+---------+-------
        D:1 |      33 |       0 |   0.0 |      19 |       0 |   0.0
        D:2 |      44 |       0 |   0.0 |      15 |       0 |   0.0
            +---------+---------+-------+---------+---------+-------
